 Dungeon Crawl Stone Soup version 0.13.0-19-g8e0b589 (webtiles) character file.

9086 Bloax the Nimble (level 11, 0/52 HPs)
             Began as a Spriggan Transmuter on Oct 24, 2013.
             Was an Elder of Cheibriados.
             Slain by a black mamba (15 damage)
             ... on Level 3 of the Lair of Beasts.
             The game lasted 00:59:16 (4430 turns).

Bloax the Nimble (Spriggan Transmuter)              Turns: 4430, Time: 00:59:16

HP   0/52        AC  4     Str 15      XL: 11   Next: 10%
MP  23/28        EV 33     Int 21      God: Cheibriados [****..]
Gold 574         SH  0     Dex 30      Spells:  5 memorised,  7 levels left

Res.Fire  : . . .   See Invis. : +     - Unarmed
Res.Cold  : . . .   Warding    : .   c - +0 robe (curse)
Life Prot.: . . .   Conserve   : .   (shield currently unavailable)
Res.Poison: +       Res.Corr.  : .   (helmet restricted)
Res.Elec. : .       Clarity    : +   v - +1 dwarf cloak
Sust.Abil.: . .     Spirit.Shd : .   (gloves unavailable)
Res.Mut.  : .       Stasis     : .   (boots unavailable)
Res.Rott. : .       Flight     : .   (no amulet)
Saprovore : . . .                    C - ring of poison resistance
                                     e - ring of regeneration

@: blade hands, very slow, quite resistant to hostile enchantments, stealthy
A: unfitting armour, see invisible, clarity, herbivore 3, speed 3, slow
metabolism 2, Int -2
a: End Transformation, Bend Time, Temporal Distortion, Slouch, Renounce Religion


You were on level 3 of the Lair of Beasts.
You worshipped Cheibriados.
Cheibriados was greatly pleased with you.
You were full.
Your hands were blades.
You visited 3 branches of the dungeon, and saw 15 of its levels.

You collected 554 gold pieces.


Innate Abilities, Weirdness & Mutations

You are tiny and cannot use many weapons and most armour.
You have supernaturally acute eyesight.
You are a herbivore.
You cover ground extremely quickly.*
You need consume almost no food.
You possess an exceptional clarity of mind.
You are dopey. (Int -2)


   Skills:
 - Level 4.3 Fighting
 + Level 11.1 Dodging
 * Level 9.5 Unarmed Combat
 - Level 7.2 Spellcasting
 - Level 8.6 Transmutations
 - Level 2.0 Ice Magic
 + Level 3.7 Invocations
 + Level 1.5 Evocations


You had 7 spell levels left.
You knew the following spells:

 Your Spells              Type           Power        Failure   Level  Hunger
b - Spider Form           Trmt/Pois      ####......   32%         3    #......
c - Sticks to Snakes      Trmt           #####.....   12%         2    None
d - Blade Hands           Trmt           #####.....   45%         5    ####...
e - Conjure Flame         Conj/Fire      #.......     73%         3    #......
f - Ice Form              Ice/Trmt       ####......   50%         4    ###....


Dungeon Overview and Level Annotations

Branches:
Dungeon (11/27)            Temple (1/1) D:6             Orc (0/4) D:10
   Lair (3/8) D:11
  Swamp: Lair:3-6    Shoals: Lair:3-6     Snake: Lair:3-6    Spider: Lair:3-6

Altars:
Cheibriados
Elyvilon
Fedhas
Kikubaaqudgha
Makhleb
Okawaru
Sif Muna
Trog
Vehumet
Zin
the Shining One

Annotations:
D:7 Whadda's ghost, experienced MiBe
D:9 Erolcha; Gastronok; Joseph
D:11 1 exclusion, Nessos
Lair:2 Nergalle

Inventory:

Hand weapons
 h - a +1 blowgun
   (You took it off a kobold on level 7 of the Dungeon)
Missiles
 b - 87 arrows
Armour
 c - a cursed +0 robe (worn)
 v - a +1 dwarven cloak (worn)
   (You found it on level 2 of the Lair of Beasts)
Magical devices
 m - a wand of magic darts (3)
   (You found it on level 2 of the Dungeon)
 q - a wand of fire (0)
   (You found it on level 4 of the Dungeon)
 I - a wand of invisibility (7)
   (You found it on level 11 of the Dungeon)
Comestibles
 l - 4 bread rations
 u - a choko
 w - an apple
Scrolls
 f - 2 scrolls of teleportation
 i - 4 scrolls of identify
 j - a scroll of vulnerability
 s - a scroll of fear
 D - 2 scrolls of remove curse
Jewellery
 e - a ring of regeneration (left scythe-like blade)
   (You found it on level 1 of the Dungeon)
 o - an uncursed ring of flight
   (You found it on level 1 of the Lair of Beasts)
 B - an uncursed ring of teleportation
   (You found it on level 9 of the Dungeon)
 C - a ring of poison resistance (right scythe-like blade)
   (You found it on level 9 of the Dungeon)
Potions
 a - a potion of porridge
 g - a potion of brilliance
 p - a potion of heal wounds
 z - 3 potions of curing
 H - a potion of agility
Books
 d - a book of Changes

   Spells                             Type                      Level
   Beastly Appendage                  Transmutation                1
   *Sticks to Snakes                  Transmutation                2
   *Spider Form                       Transmutation/Poison         3
   *Ice Form                          Ice/Transmutation            4
   *Blade Hands                       Transmutation                5
 k - a book of Enchantments
   (You found it on level 9 of the Dungeon)

   Spells                             Type                      Level
   Cause Fear                         Hexes                        4
   Silence                            Hexes/Air                    5
   Tukima's Dance                     Hexes                        5
   Deflect Missiles                   Charms/Air                   6
   Haste                              Charms                       6
   Discord                            Hexes                        8
 n - a book of the Tempests
   (You found it on level 2 of the Lair of Beasts)

   Spells                             Type                      Level
   Static Discharge                   Conjuration/Air              3
   Lightning Bolt                     Conjuration/Air              5
   Fireball                           Conjuration/Fire             5
   Tornado                            Air                          9
   Shatter                            Earth                        9
 A - a book of Control
   (You found it on level 8 of the Dungeon)

   Spells                             Type                      Level
   Control Teleport                   Charms/Translocation         4
   Control Undead                     Necromancy                   4
   Enslavement                        Hexes                        4
   Mass Confusion                     Hexes                        6
   Metabolic Englaciation             Hexes/Ice                    6
Miscellaneous
 r - a phial of floods
   (You found it on level 1 of the Lair of Beasts)
 E - a bottled efreet
   (You found it on level 10 of the Dungeon)
 G - an ornate deck of changes {Metamorphosis, drawn: 1}
   (You found it on level 10 of the Dungeon)

. ##......#~~~~~~~~.#
..#.#.....#~~~~~~~~.#
...........~~~~~~~.#
#......##.J;~~~~.###
#....%......~~~~~...
###<...#..##.~~~~~~~
##.#.....#..#~#~~~
#.........#..## ~
##....@S.P.....#
#.........P....
##.#............
#.#...........
#.#...#......
#..#..#.#...
.......... ..#....##
.#.


You could see a black mamba, a jellyfish and an electric eel.


Message History

You climb downwards.
You hear a distant snort.
Hark!
There is an entrance to a minotaur's labyrinth on this level.
Find the entrance quickly before the gate is sealed!
A bat comes into view.
Found 10 gold pieces.
There is a stone staircase leading up here.
Enter note: *snort* Evoke which item? (* to show all) (? for menu, Esc to quit)
Okay, then.
The bat completely misses you.
You hit the bat but do no damage. The bat completely misses you.
The bat misses you.
You closely miss the bat. The bat misses you. The bat completely misses you.
An adder comes into view.
The bat completely misses you. The bat misses you.
You miss the bat. The bat misses you.
Read which item? (? for menu, Esc to quit)
As you read the scroll labeled PIEHOSU TWUFUW, it crumbles to dust.
The adder convulses!
The bat convulses!
Your body is wracked with pain!
It was a scroll of torment.
The bat completely misses you.
You punch the bat!
You kill the bat!
Cheibriados thoroughly appreciates the change of pace.
The adder completely misses you.
You barely miss the adder.
The adder is heavily wounded.
The adder completely misses you.
You closely miss the adder.
The adder is heavily wounded.
The adder barely misses you.
You hit the adder.
The adder is severely wounded.
The adder misses you.
You miss the adder.
The adder is severely wounded.
The adder misses you.
You closely miss the adder.
The adder is heavily wounded.
The adder misses you.
You barely miss the adder.
The adder is heavily wounded.
The adder bites you.
You hit the adder. You punch the adder, but do no damage.
The adder is severely wounded.
The adder completely misses you.
You closely miss the adder. You punch the adder.
You kill the adder!
Cheibriados appreciates the change of pace.
An electric eel comes into view.
A big fish comes into view.
A black mamba comes into view.
You see here 10 gold pieces.
Unknown command.
You now have 574 gold pieces (gained 10).
The big fish closely misses you. The jellyfish completely misses you.
The jellyfish misses you.
The electric eel shoots out a bolt of electricity!
The bolt of electricity hits you!
* * * LOW HITPOINT WARNING * * *
The black mamba hisses angrily.
Casting: Blade Hands Your hands turn into razor-sharp scythe blades.
The black mamba misses you.
You slash the black mamba!
The black mamba is heavily wounded.
The black mamba bites you!
* * * LOW HITPOINT WARNING * * *
The black mamba bites you!
You die...

Action                   |  1- 3 |  4- 6 |  7- 9 | 10-12 || total
-------------------------+-------+-------+-------+-------++-------
Melee: Unarmed           |   123 |   153 |   377 |   190 ||   843
 Cast: Beastly Appendage |    13 |       |       |       ||    13
       Spider Form       |     2 |    11 |    24 |     1 ||    38
       Sticks to Snakes  |       |     2 |       |       ||     2
       Blade Hands       |       |       |     5 |    13 ||    18
       Ice Form          |       |       |       |     3 ||     3
 Abil: End Transformatio |       |     1 |     2 |     4 ||     7
       Evoke Teleportati |       |       |       |     1 ||     1
Evoke: Wand              |     1 |     7 |    16 |       ||    24
       Deck              |       |       |     1 |       ||     1
  Use: Scroll            |       |       |    11 |    11 ||    22
       Potion            |       |       |     4 |     1 ||     5
 Stab: Sleeping          |       |     4 |     1 |     2 ||     7
       Confused          |       |     1 |       |       ||     1

Vault maps used:
D:1:      minmay_entry_plants_in_alcoves
D:2:      tso_oasis_becter, uniq_iyjb
D:3:      overflow_temple_1_default
D:4:      uniq_duvessa
D:5:      first_bread, uniq_pikel
D:6:      lemuel_temple_firewalk_marked
D:7:      roderic_lattice_octagonal_star, serial_shops, shop, grunt_rat_hole
D:8:      led_sif_book, basic_altar, serial_pond, minmay_pond_plants_d,
          minmay_pond_fungi_i, minmay_pond_fungi_i, minmay_pond_plants_z
D:9:      uniq_joseph, uniq_erolcha, uniq_gastronok
D:10:     minmay_orc_entry_guard_dogs, uniq_maurice
D:11:     lair_0_dummy, uniq_nessos, uniq_urug, uniq_erica
Temple:   eino_temple_water_12
Lair:1:   basic_altar
Lair:2:   uniq_nergalle
Lair:3:   lab_entry_generic, pond_and_an_island_with_a_cottage

Notes
Turn   | Place    | Note
--------------------------------------------------------------
     0 | D:1      | Bloax, the Spriggan Transmuter, began the quest for the Orb.
     0 | D:1      | Reached XP level 1. HP: 10/10 MP: 2/2
    33 | D:1      | Reached skill level 1 in Fighting
    45 | D:1      | Daniel: hi
    45 | D:1      | Bloax: hey
    45 | D:1      | Bloax: lookie what i just found
    45 | D:1      | wow such ring
    45 | D:1      | Daniel: nice!
    55 | D:1      | Bloax: might actually get somewhere this time
    55 | D:1      | Bloax: Unfortunately I'm currently suffering about 500ms worth of delay.
    55 | D:1      | Bloax: So life is agony.
    56 | D:1      | Daniel: regen rimg is really one the best items in game
    62 | D:1      | Daniel: item*
    62 | D:1      | Bloax: It's the absolute best on D:1.
    71 | D:1      | Daniel: yes
    77 | D:1      | Daniel: its not laggy here btw
    80 | D:1      | Daniel: or not worse than usual
    80 | D:1      | Bloax: I did say "I'm" suffering.
    80 | D:1      | Daniel: ah ok
    80 | D:1      | Bloax: Minimum = 385ms, Maximum = 534ms, Average = 460ms
   110 | D:1      | Reached XP level 2. HP: 14/14 MP: 2/5
   124 | D:1      | Daniel: yeah thats shitty
   146 | D:1      | Bloax: I wish I could contribute more at the moment.
   146 | D:1      | Bloax: But school's being a bitch.
   146 | D:1      | Bloax: And so I'm left with playing at fucklate times.
   185 | D:1      | Reached skill level 3 in Transmutations
   197 | D:1      | Daniel: good thing you can still play
   217 | D:1      | Daniel: i mean until you are not bored with crawl
   222 | D:1      | Bloax: oh that's gonna take a while
   224 | D:1      | Bloax: Now that I've discovered the joy of speeding through it.
   242 | D:2      | Noticed Ijyb
   344 | D:2      | Found a glowing golden altar of the Shining One.
   388 | D:2      | Bloax: hi
   394 | D:2      | Vidiiot: Congrats on your <35k 15 runes bro.
   397 | D:2      | Vidiiot: I missed it. :P
   398 | D:2      | Vidiiot: But nice going
   398 | D:2      | Bloax: no no
   398 | D:2      | Bloax: I haven't done a <35k 15 runes game.
   398 | D:2      | Vidiiot: What!
   398 | D:2      | Vidiiot: Rofl
   398 | D:2      | Vidiiot: Hold on
   398 | D:2      | Bloax: I've only done a 31k 4 rune game.
   398 | D:2      | Bloax: In 1:57:21
   404 | D:2      | Vidiiot: oh wait
   405 | D:2      | Vidiiot: Yeah that
   405 | D:2      | Vidiiot: Sorry. :P
   410 | D:2      | Bloax: which is pretty fast considering tiles is pretty laggyu
   410 | D:2      | Vidiiot: I was /supposed/ to say sorry your 15-runer died.
   410 | D:2      | Vidiiot: I watched most of that game.
   410 | D:2      | Vidiiot: But I had to go sleep so I missed the death :/
   410 | D:2      | Bloax: and that it was my fourth attempt at realtime speedrunning
   410 | D:2      | Bloax: Honestly it was just a final hint from the game that I should go die now.
   410 | D:2      | Bloax: >slouch with slowmove:2
   410 | D:2      | Bloax: >storm dragon adjacent to you dies
   410 | D:2      | Bloax: >be slouching because alich has summoned two hellions
   410 | D:2      | Bloax: >hellions promptly don't die
   410 | D:2      | Bloax: >they proceed to throw hellfire at you at the same time
   410 | D:2      | Bloax: >you die..
   410 | D:2      | Bloax: and mind you
   410 | D:2      | Bloax: earlier i survived with 1 hp against a hellion
   410 | D:2      | Bloax: because i slouched it in one go
   471 | D:3      | Reached XP level 3. HP: 11/18 MP: 6/8
   481 | D:3      | Learned a level 3 spell: Spider Form
   484 | D:3      | Learned a level 2 spell: Sticks to Snakes
   499 | D:2      | Killed Ijyb
   499 | D:2      | Reached skill level 3 in Unarmed Combat
   517 | D:2      | Vidiiot: Wow.
   518 | D:2      | Vidiiot: That's BS.
   526 | D:2      | Vidiiot: The thing I don't like most about 0/13
   533 | D:2      | Vidiiot: Is how transmuts suddenly fuck up all the time
   534 | D:2      | Vidiiot: Like I had dragon form at 4% or so
   534 | D:2      | Vidiiot: >suddenly petrify
   534 | D:2      | Vidiiot: What a joke.
   534 | D:2      | Bloax: transmuters are a joke
   534 | D:2      | Bloax: They need a bit of reskilling.
   534 | D:2      | Vidiiot: b-but you're a transmuter...
   534 | D:2      | Bloax: so that they don't like
   534 | D:2      | Vidiiot: =[
   534 | D:2      | Bloax: miss everything
   534 | D:2      | Bloax: on d:1
   534 | D:2      | Bloax: because they have 1 fighting and 3 unarmed
   534 | D:2      | Bloax: (hint: shit accuracy incorporated)
   534 | D:2      | Bloax: hi have you tried to shut the fuck up if not you maybe should do sometime now would be a good time for instance also every single time from now on would
   534 | D:2      | Bloax: such nice pms i received from bringing that up
   536 | D:2      | timbw: what did you do
   537 | D:2      | timbw: to get that rant
   537 | D:2      | Bloax: let's see
   537 | D:2      | Bloax: http://s-z.org/crawl-dev/%23%23crawl-dev-20131023.log
   537 | D:2      | Bloax: Go CTRL-F Bloax
   537 | D:2      | Bloax: 15:43:55 And transmuters die horribly because they can't hit anything.
   537 | D:2      | Bloax: and then i got a nice pm
   559 | D:2      | Reached XP level 4. HP: 22/22 MP: 10/10
   574 | D:2      | timbw: lol
   578 | D:2      | timbw: transmuters are terrible
   580 | D:2      | timbw: worst start
   580 | D:2      | Bloax: they are
   580 | D:2      | Bloax: lower spellcasting and dodging to 1
   580 | D:2      | Bloax: put the two points into fighting
   580 | D:2      | Bloax: 3 fighting/unarmed oughta improve them a bit
   593 | D:2      | tscho: 8)
   593 | D:2      | timbw: also
   593 | D:2      | tscho: hi
   593 | D:2      | Bloax: (monks are 3/4 fighting/unarmed)
   593 | D:2      | timbw: ctrl-q
   593 | D:2      | timbw: make gladiator
   593 | D:2      | timbw: pick staff
   593 | D:2      | Bloax: Hey.
   594 | D:2      | timbw: lajatang sps are so much fun
   596 | D:3      | Bloax: timbw:
   596 | D:3      | Bloax: nop
   596 | D:3      | timbw: regen not that big deal
   596 | D:3      | timbw: with sp hp
   596 | D:3      | Bloax: sp hp and speed mind you
   620 | D:3      | timbw: i just won a lajatang sp yesterday and now im making another one
   621 | D:3      | timbw: thats how much fun they are
   627 | D:3      | timbw: its hilarious to have 100 hp 45 ev and just tab everything
   640 | D:3      | Reached skill level 2 in Fighting
   669 | D:3      | Vidiiot: "fun"?
   669 | D:3      | Yermak: Hoi people
   676 | D:3      | Vidiiot: Hello Yermak
   678 | D:3      | Reached skill level 4 in Dodging
   679 | D:3      | Bloax: Hey.
   737 | D:3      | go:gosh i hate this lag
   779 | D:3      | Yermak: such lags are perfect for role-playing Chei
   785 | D:3      | Bloax: Coincidentally.
   785 | D:3      | Bloax: I am actually going Chei.
   796 | D:3      | Found a burning altar of Makhleb.
   821 | D:3      | timbw: might wanna do that with a better start
   824 | D:3      | timbw: like FE or something
   861 | D:4      | Yermak: I tried IE of Chei
   864 | D:4      | Reached XP level 5. HP: 26/26 MP: 9/13
   871 | D:4      | Yermak: wasn't able
   965 | D:3      | Yermak: How should you play when your main survival tool is dumped?
   970 | D:3      | Bloax: murdering things through bladehands and EV
  1024 | D:4      | Yermak: yes, that's why only way to play Spriggan Chei I see is to get Chei at XL 10 or later
  1152 | D:4      | Reached XP level 6. HP: 20/31 MP: 12/16
  1160 | D:4      | hew
  1160 | D:4      | phew
  1164 | D:5      | Entered Level 5 of the Dungeon
  1165 | D:5      | contra-phew
  1167 | D:4      | Yermak: hei, you're spriggan you can outrun spores
  1170 | D:4      | Yermak: don't forget that
  1172 | D:4      | Bloax: oh
  1184 | D:4      | NOPE
  1221 | D:5      | HP: 5/31 [worker ant (8)]
  1227 | D:5      | Reached skill level 5 in Dodging
  1227 | D:5      | Reached skill level 4 in Transmutations
  1228 | D:5      | whosh
  1287 | D:5      | heheh
  1290 | D:5      | uh oheh
  1303 | D:5      | Reached skill level 4 in Unarmed Combat
  1427 | D:6      | Reached skill level 3 in Fighting
  1448 | D:6      | Reached XP level 7. HP: 30/35 MP: 11/18
  1594 | D:6      | Bloax: holy fucking shit
  1594 | D:6      | Bloax: what ninja is this goblin
  1609 | D:6      | Found a staircase to the Ecumenical Temple.
  1619 | Temple   | Entered the Ecumenical Temple
  1639 | Temple   | Became a worshipper of Cheibriados the Contemplative
  1702 | D:6      | Vidiiot: Is Cheibrodos not playing in the tourney?
  1704 | D:6      | Vidiiot: =[
  1704 | D:6      | Bloax: he's playing the no-play team
  1752 | D:6      | ahh
  1752 | D:6      | finally the lag is gone
  1852 | D:6      | Reached skill level 3 in Spellcasting
  1900 | D:7      | Reached skill level 6 in Dodging
  1914 | D:7      | Reached skill level 5 in Transmutations
  2024 | D:7      | Noticed Whadda's ghost (experienced MiBe)
  2100 | D:8      | Reached skill level 5 in Unarmed Combat
  2126 | D:8      | Found a deep blue altar of Sif Muna.
  2196 | D:8      | Noticed a wandering mushroom
  2205 | D:8      | Found an ancient bone altar of Kikubaaqudgha.
  2232 | D:8      | Noticed a wandering mushroom
  2233 | D:8      | Noticed a wandering mushroom
  2233 | D:8      | Noticed a wandering mushroom
  2345 | D:8      | Noticed a wandering mushroom
  2530 | D:9      | Reached skill level 4 in Spellcasting
  2537 | D:9      | Acquired Cheibriados' first power
  2549 | D:9      | Noticed Joseph
  2567 | D:9      | Gained mutation: You possess an exceptional clarity of mind. [potion of mutation]
  2567 | D:9      | Gained mutation: You are dopey. (Int -2) [potion of mutation]
  2567 | D:9      | Gained mutation: You tend to lose your temper in combat. [potion of mutation]
  2568 | D:9      | Bloax: haha
  2568 | D:9      | Bloax: clarityzerk
  2594 | D:9      | Noticed Erolcha
  2595 | D:9      | fuck fuck fuck
  2655 | D:9      | uh oh
  2670 | D:9      | Reached XP level 8. HP: 39/39 MP: 19/21
  2713 | D:10     | Entered Level 10 of the Dungeon
  2756 | D:9      | Noticed Gastronok
  2758 | D:9      | whoah
  2782 | D:9      | Vidiiot: Be careful :p
  2807 | D:9      | Learned a level 5 spell: Blade Hands
  2840 | D:9      | Bloax: hits three times
  2840 | D:9      | Bloax: 29 ev
  2840 | D:9      | Bloax: quality dice
  2840 | D:9      | HP: 7/39 [warg (7)]
  2843 | D:9      | Reached skill level 7 in Dodging
  2914 | D:10     | Noticed Maurice
  2922 | D:10     | misses x3
  2949 | D:10     | Reached skill level 6 in Transmutations
  2960 | D:10     | Killed Maurice
  2960 | D:10     | Reached skill level 6 in Unarmed Combat
  2960 | D:10     | Reached skill level 5 in Spellcasting
  2988 | D:10     | HP: 5/39 [ice beast (13)]
  3006 | D:10     | Reached skill level 8 in Dodging
  3048 | D:10     | Reached XP level 9. HP: 43/43 MP: 22/24
  3049 | D:10     | die
  3061 | D:10     | Noticed a hill giant
  3089 | D:10     | Found a staircase to the Orcish Mines.
  3116 | D:10     | Identified the Reference Book on Igneous Battle Magic (You found it on level 10 of the Dungeon)
  3121 | D:10     | Learned a level 3 spell: Conjure Flame
  3182 | D:10     | Reached skill level 7 in Transmutations
  3188 | D:10     | Killed a hill giant
  3188 | D:10     | Reached skill level 7 in Unarmed Combat
  3188 | D:10     | Reached skill level 6 in Spellcasting
  3219 | D:10     | Lost mutation: You tend to lose your temper in combat. [helix card]
  3313 | D:11     | Yermak: when waiting for someone to come closer it's generally a good idea to make a move (0.6 cost) instead of hitting the '.' (1.0 cost)
  3319 | D:11     | Reached skill level 9 in Dodging
  3354 | D:11     | Noticed an unseen horror
  3389 | D:11     | Killed an unseen horror
  3389 | D:11     | Reached skill level 8 in Transmutations
  3403 | D:11     | Noticed a hill giant
  3413 | D:11     | HP: 8/43 [hill giant/giant club (35)]
  3415 | D:11     | Killed a hill giant
  3415 | D:11     | Reached skill level 8 in Unarmed Combat
  3415 | D:11     | Reached skill level 7 in Spellcasting
  3415 | D:11     | Reached XP level 10. HP: 8/47 MP: 20/27
  3425 | D:11     | Bloax: I'm moving at 1.1 now.
  3429 | D:11     | Yermak: oh, you're with Chei already
  3440 | D:11     | Noticed Nessos
  3440 | D:11     | Yermak: yep, my bad
  3441 | D:11     | shit shit shit
  3468 | D:11     | Noticed Erica
  3488 | D:11     | Yermak: then do a swing
  3490 | D:11     | Found a staircase to the Lair.
  3519 | D:11     | Reached skill level 1 in Invocations
  3537 | D:11     | timbw: well
  3546 | D:11     | timbw: you will get obscene EV
  3547 | D:11     | Reached skill level 10 in Dodging
  3552 | D:11     | Killed Erica
  3552 | D:11     | Reached skill level 2 in Invocations
  3555 | D:11     | slash
  3557 | D:11     | Bloax: :-)
  3562 | D:11     | Learned a level 4 spell: Ice Form
  3562 | D:11     | timbw: like 45+ in lair
  3572 | Lair:1   | Entered Level 1 of the Lair of Beasts
  3581 | Lair:1   | magicpoints: lewd ev
  3581 | Lair:1   | JacquesDerrida: HEY YOU! HALF OF YOU! GO WATCH 4THARRA PLAYING! HE IS LONELY!
  3595 | Lair:1   | Found a blossoming altar of Fedhas.
  3634 | Lair:1   | Yermak: no piety for frgos when in ice form
  3636 | Lair:1   | weee
  3640 | Lair:1   | timbw: yermak
  3642 | Lair:1   | Yermak: timbw
  3642 | Lair:1   | timbw: why do you not like sps with lajatangs?
  3647 | Lair:1   | Yermak: big skill cost
  3647 | Lair:1   | timbw: it is so much fun
  3648 | Lair:1   | Bloax: unarmed is better
  3648 | Lair:1   | Bloax: but you're gonna be training it all game on a sp
  3654 | Lair:1   | timbw: I dont mean it
  3657 | Lair:1   | Acquired Cheibriados' second power
  3665 | Lair:1   | timbw: as a side thing to pick up
  3671 | Lair:1   | timbw: on a stabber
  3719 | Lair:1   | timbw: I mean full out staff ninja sp
  3778 | Lair:1   | timbw: without stealth and those tedious ways of killing stuff
  3788 | Lair:1   | Reached skill level 1 in Ice Magic
  3791 | Lair:1   | Noticed a griffon
  3801 | Lair:1   | Killed a griffon
  3801 | Lair:1   | Reached skill level 4 in Fighting
  3801 | Lair:1   | Reached skill level 9 in Unarmed Combat
  3801 | Lair:1   | Reached skill level 3 in Invocations
  3833 | Lair:1   | Yermak: still too slow levelling
  3862 | Lair:1   | Yermak: I tried and I didn't like it
  3931 | Lair:1   | !!
  3939 | Lair:1   | wow
  3983 | Lair:2   | Yermak: it looks like I'll need new Tm highscore after this game
  3985 | Lair:2   | Noticed Nergalle
  4038 | Lair:2   | timbw: dont worry
  4043 | Lair:2   | lol
  4043 | Lair:2   | timbw: there is noway this will work
  4043 | Lair:2   | timbw: sorry bloax
  4048 | Lair:2   | Bloax: oh no worries timbw
  4048 | Lair:2   | Bloax: i've done a sptm before
  4048 | Lair:2   | Bloax: it worked too well
  4171 | Lair:2   | JacquesDerrida: but you are a tiny dude how do you succeed
  4225 | Lair:2   | Acquired Cheibriados' third power
  4225 | Lair:2   | Reached skill level 11 in Dodging
  4225 | Lair:2   | Reached XP level 11. HP: 49/52 MP: 18/28
  4231 | Lair:2   | Reached skill level 2 in Ice Magic
  4238 | Lair:2   | Bloax: CheiEV
  4251 | Lair:2   | Bloax: also obscene blade hands damage
  4311 | Lair:2   | Reached skill level 1 in Evocations
  4402 | Lair:3   | *snort*
  4402 | Lair:3   | Yermak: yay, snort
  4423 | Lair:3   | timbw: why does it make a snort
  4430 | Lair:3   | Slain by a black mamba

Vanquished Creatures
  Erica (D:11)
  An unseen horror (D:11)
  2 hill giants
  A griffon (Lair:1)
  Maurice (D:10)
  3 spiny frogs
  A two-headed ogre (D:11)
  6 yaks (Lair:2)
  3 hippogriffs
  A necrophage (D:11)
  A manticore (D:10)
  2 orc warriors
  2 ice beasts (D:10)
  A porcupine (Lair:2)
  A sky beast (D:11)
  3 centaurs
  An ogre (D:5)
  A big kobold (D:11)
  3 wargs
  5 giant frogs
  A crocodile (Lair:1)
  3 water moccasins
  A hippogriff skeleton (D:10)
  4 crimson imps
  3 goliath beetles
  5 hounds
  2 jellies
  A giant frog skeleton (D:11)
  3 iguanas
  A two-headed ogre zombie (D:10)
  2 scorpions
  4 orc wizards
  7 worker ants
  Ijyb (D:2)
  A big kobold zombie (D:11)
  A mummy (D:9)
  9 adders
  A giant centipede (Lair:2)
  A gnoll (D:4)
  A giant mite (D:6)
  19 green rats
  5 worms
  5 giant geckos
  19 orcs
  2 ball pythons
  A bat skeleton (D:7)
  5 giant cockroaches
  6 hobgoblins
  5 jackals (D:7)
  4 quokkas
  9 bats
  6 giant newts
  A giant spore (D:4)
  9 goblins
  A hobgoblin skeleton (D:7)
  17 kobolds
  7 rats
213 creatures vanquished.

Vanquished Creatures (others)
  4 fungi
4 creatures vanquished.

Grand Total: 217 creatures vanquished
